Map: King's Cove LE

Players

Erik

  • Race: Zerg Zerg
  • Spawn Location: 11:00

Stephano - Winner!

  • Race: Zerg Zerg
  • Spawn Location: 5:00

Event: 2019 WCS Summer

VOD

Have the link to the VOD?

Description

Time

  • Played on: July 12, 2019, 6:27 a.m.
  • Length: 15:29

All games in this series

Show
View Real Time Build Order
Export as new Build Order

Erik Zerg 

Build Orders: Hatch First 

Get SALT Encoding   

  12  0:01  Drone  
  13  0:12  Overlord  
  13  0:18  Drone  
  14  0:30  Drone x2  
  16  0:49  Hatchery  
  15  0:52  Drone  
  15  0:56  Drone  
  17  1:00  Drone  
  18  1:10  Extractor  
  17  1:15  Spawning Pool  
  17  1:18  Drone  
  17  1:21  Drone  
  18  1:27  Drone  
  19  1:39  Drone  
  20  1:49  Drone  
  21  2:01  Overlord  
  21  2:02  Queen x2  
  21  2:03  Zergling x2  
  26  2:11  Metabolic Boost  
  26  2:12  Drone  
  26  2:15  Drone  
  28  2:22  Drone  
  29  2:23  Drone  
  30  2:34  Drone  
  31  2:39  Hatchery  
  30  2:44  Overlord  
  30  2:50  Baneling Nest  
  30  2:51  Drone  
  30  2:54  Drone  
  30  2:57  Drone  
  32  3:00  Drone  
  33  3:07  Drone  
  33  3:08  Drone  
  35  3:13  Zergling x6  
  35  3:14  Zergling x2  
  35  3:15  Zergling x2  
  40  3:20  Zergling x2  
  40  3:21  Zergling x2  
  40  3:22  Zergling x2  
  43  3:29  Overlord  
  43  3:36  Zergling x2  
  44  3:41  Baneling x2  
  44  3:47  Overlord  
  44  3:48  Drone x2  
  46  3:49  Zergling x10  
  47  4:02  Zergling x2  
  47  4:03  Zergling x6  
  47  4:08  Baneling x3  
  49  4:10  Baneling x2  
  49  4:13  Zergling x10  
  54  4:23  Drone x3  
  56  4:25  Extractor  
  56  4:28  Evolution Chamber  
  53  4:36  Zergling x10  
  53  4:44  Zergling x4  
  51  4:54  Queen  
  51  4:55  Drone x3  
  51  4:56  Drone, Zerg Missile Weapons Level 1  
  51  4:58  Zergling x10  
  57  5:03  Drone  
  57  5:04  Drone  
  59  5:08  Drone  
  59  5:12  Drone x2  
  62  5:15  Extractor  
  62  5:19  Baneling x2  
  62  5:20  Baneling x2, Roach Warren  
  60  5:23  Drone x2  
  62  5:29  Lair  
  62  5:30  Drone  
  62  5:37  Drone x5  
  61  5:53  Zergling x4  
  61  5:54  Zergling x8  
  66  5:58  Overlord  
  66  6:01  Overlord  
  65  6:07  Baneling  
  65  6:12  Overlord  
  65  6:20  Drone x7  
  65  6:24  Drone  
  73  6:26  Drone  
  73  6:27  Glial Reconstitution  
  73  6:31  Extractor  
  73  6:32  Extractor  
  72  6:35  Baneling x2  
  73  6:40  Roach x9  
  73  6:43  Overlord  
  73  6:44  Overlord  
  88  6:52  Overlord  
  87  6:58  Drone x2  
  87  6:59  Drone  
  88  7:05  Pneumatized Carapace  
  88  7:07  Overlord  
  88  7:08  Roach x4  
  92  7:10  Hatchery  
  95  7:19  Roach x5  
  104  7:25  Zerg Missile Weapons Level 2  
  104  7:28  Roach  
  104  7:29  Roach x2  
  110  7:32  Drone x3  
  112  7:39  Drone x4  
  112  7:40  Drone  
  112  7:41  Overlord  
  112  7:43  Roach  
  115  7:45  Overseer  
  115  7:49  Drone  
  115  7:50  Drone x2  
  118  7:53  Overlord  
  118  7:59  Drone, Spore Crawler  
  118  8:00  Roach  
  118  8:01  Roach, Spore Crawler  
  118  8:05  Ravager x4  
  124  8:06  Ravager  
  124  8:08  Overlord  
  124  8:10  Roach x2  
  130  8:19  Overlord  
  132  8:20  Roach x4  
  132  8:26  Queen  
  138  8:29  Drone, Extractor  
  138  8:30  Drone x3  
  138  8:32  Roach x3  
  138  8:33  Overseer  
  149  8:44  Spire  
  149  8:45  Overlord  
  149  8:46  Roach x3  
  154  8:58  Roach  
  154  8:59  Roach x2  
  154  9:02  Overlord  
  160  9:10  Extractor, Overlord  
  160  9:13  Overlord  
  160  9:14  Extractor  
  158  9:20  Roach x9  
  172  9:28  Roach  
  172  9:29  Roach x4  
  166  9:39  Roach  
  166  9:40  Roach x6  
  166  9:41  Zerg Ground Armor Level 1  
  176  9:56  Overlord  
  176  9:57  Overlord  
  176  9:58  Mutalisk x4  
  184  10:02  Overlord  
  184  10:10  Overlord  
  184  10:11  Overlord  
  184  10:13  Overlord  
  184  10:15  Mutalisk x4  
  184  10:18  Zerg Flyer Weapons Level 1  
  184  10:19  Overlord  
  192  10:28  Overlord  
  192  10:29  Mutalisk x3  
  192  10:34  Roach  
  200  10:40  Infestation Pit  
  197  10:52  Overlord  
  195  10:57  Roach x3  
  197  11:08  Overlord  
  197  11:09  Roach x2  
  199  11:13  Hydralisk Den  
  187  11:19  Roach x6  
  187  11:30  Hatchery, Roach x9  
  187  11:31  Overseer  
  196  11:33  Overseer  
  196  11:35  Spine Crawler  
  195  11:45  Spine Crawler, Overlord  
  194  11:49  Roach x3  
  200  12:03  Overseer x2  
  187  12:27  Roach x17  
  187  12:28  Roach  
  196  12:41  Drone x3  
  199  12:44  Hatchery  
  176  12:54  Roach x4  
  165  13:11  Ravager x5  
  165  13:12  Drone, Hatchery, Ravager  
  172  13:13  Drone x4  
  175  13:21  Roach  
  175  13:22  Lurker Den, Roach x3  
  182  13:41  Roach  
  182  13:42  Roach x6  
  179  13:59  Roach x6  
  185  14:09  Roach  
  171  14:10  Roach x4  
  171  14:17  Ravager x2  
  171  14:18  Overseer  
  171  14:20  Drone  
  171  14:21  Drone  
  175  14:24  Drone x3  
  175  14:25  Drone x2  
  180  14:40  Hydralisk x4  
  188  14:51  Infestor  
  188  14:52  Roach  
  181  14:53  Roach  
  175  15:03  Roach x8  
Show
View Real Time Build Order
Export as new Build Order

Stephano Zerg - Winner!

Build Orders: Hatch First 

Get SALT Encoding   

  12  0:00  Drone  
  13  0:12  Overlord  
  13  0:18  Drone  
  14  0:30  Drone  
  14  0:31  Drone  
  16  0:49  Hatchery  
  15  0:52  Drone  
  15  0:56  Drone  
  17  0:59  Drone  
  18  1:11  Extractor  
  17  1:15  Spawning Pool  
  17  1:18  Drone  
  17  1:21  Drone  
  18  1:28  Drone  
  19  1:38  Drone  
  20  1:49  Drone  
  21  2:00  Overlord  
  21  2:01  Drone  
  21  2:02  Queen x2  
  26  2:12  Zergling x2, Drone  
  26  2:13  Metabolic Boost  
  28  2:21  Drone  
  28  2:22  Drone  
  30  2:32  Drone  
  30  2:34  Drone  
  32  2:40  Hatchery  
  31  2:46  Overlord  
  31  2:49  Drone  
  32  2:55  Drone x2  
  34  3:00  Baneling Nest  
  33  3:06  Queen  
  33  3:09  Drone x2  
  33  3:12  Zergling x4  
  39  3:17  Overlord  
  39  3:20  Drone  
  39  3:21  Drone  
  39  3:24  Drone  
  39  3:25  Drone  
  43  3:32  Drone  
  44  3:37  Overlord  
  44  3:41  Zergling x8  
  48  3:44  Baneling  
  48  3:47  Zergling x2  
  48  3:48  Zergling x6  
  52  3:50  Extractor  
  51  3:55  Evolution Chamber  
  51  3:57  Zergling x2  
  51  3:58  Zergling x4  
  50  4:03  Baneling x2  
  50  4:06  Drone x3  
  50  4:09  Baneling x2  
  53  4:14  Baneling  
  53  4:16  Drone x6  
  58  4:19  Zergling x4  
  59  4:26  Overlord  
  59  4:28  Drone x2  
  60  4:33  Drone  
  60  4:38  Drone x2  
  61  4:40  Drone  
  57  4:50  Zergling x10  
  61  4:57  Zergling x4  
  61  4:58  Extractor  
  61  4:59  Queen  
  62  5:04  Zerg Missile Weapons Level 1  
  60  5:11  Drone x4  
  60  5:13  Baneling x3  
  63  5:14  Queen x2  
  67  5:22  Roach Warren  
  67  5:24  Baneling x2  
  67  5:25  Zergling x8  
  70  5:33  Drone x2  
  72  5:38  Drone  
  72  5:39  Baneling x3  
  70  5:47  Drone x4  
  66  5:51  Drone x2  
  66  5:52  Lair  
  67  5:57  Drone  
  67  6:01  Baneling  
  67  6:03  Baneling  
  68  6:04  Drone x2  
  68  6:05  Drone x4  
  74  6:11  Overlord  
  74  6:16  Overlord  
  74  6:17  Overlord x2  
  74  6:21  Overlord  
  70  6:26  Overlord  
  70  6:32  Overlord  
  68  6:34  Roach x6  
  68  6:38  Overlord  
  78  6:40  Overlord  
  78  6:49  Baneling x3  
  78  6:52  Overlord  
  78  6:53  Roach x5  
  84  7:02  Overlord  
  84  7:08  Drone x8  
  92  7:09  Extractor  
  92  7:11  Extractor  
  90  7:16  Zerg Missile Weapons Level 2  
  90  7:17  Drone x3  
  90  7:20  Overseer  
  93  7:26  Extractor  
  92  7:30  Overlord  
  91  7:38  Glial Reconstitution  
  91  7:39  Roach x2  
  91  7:40  Overlord  
  91  7:43  Roach  
  91  7:44  Roach  
  98  7:49  Drone x3  
  98  7:50  Drone x2  
  98  7:51  Drone x3  
  105  7:52  Roach  
  105  7:53  Roach  
  112  7:58  Roach  
  112  8:00  Spine Crawler, Ravager  
  112  8:02  Spine Crawler  
  112  8:03  Roach x3  
  112  8:05  Roach  
  119  8:14  Drone x3  
  119  8:19  Pneumatized Carapace  
  122  8:20  Hatchery  
  122  8:21  Roach x3  
  129  8:27  Roach x4  
  129  8:31  Roach x2  
  139  8:37  Roach x4  
  147  8:42  Roach x2  
  147  8:43  Roach  
  147  8:45  Roach  
  155  8:50  Roach x3  
  155  8:53  Overlord  
  161  8:59  Overlord  
  161  9:01  Overlord  
  161  9:06  Overlord  
  161  9:07  Overlord  
  161  9:14  Roach x4  
  165  9:26  Roach x9  
  183  9:37  Roach x6  
  185  9:41  Queen  
  185  9:44  Ravager x6  
  191  9:48  Roach x2  
  191  9:49  Roach  
  196  9:59  Tunneling Claws  
  195  10:00  Burrow  
  195  10:05  Overlord  
  195  10:19  Zerg Ground Armor Level 1  
  195  10:27  Ravager x3  
  198  10:38  Queen  
  198  10:39  Spore Crawler x2  
  198  10:40  Spore Crawler  
  198  10:41  Spore Crawler  
  198  10:42  Spore Crawler  
  195  10:44  Roach  
  195  10:45  Roach x3  
  196  10:53  Roach x2  
  196  10:54  Roach x2  
  195  11:00  Roach x2  
  188  11:06  Roach x9  
  198  11:16  Roach x6  
  200  11:24  Hydralisk Den, Roach x3  
  197  11:28  Roach x3  
  199  11:37  Roach x32, Overlord  
  199  11:38  Overlord x2  
  199  11:46  Overseer x2  
  199  11:47  Overlord x4  
  199  11:51  Extractor  
  199  11:53  Extractor  
  197  11:55  Roach x7  
  197  11:58  Muscular Augments  
  197  12:03  Roach x2  
  197  12:04  Roach x3  
  185  12:20  Roach x9  
  193  12:23  Roach x3  
  193  12:25  Hydralisk x6  
  193  12:26  Roach x30  
  178  12:31  Roach x28  
  161  12:39  Hydralisk  
  161  12:40  Hydralisk x4  
  156  12:52  Hydralisk x5  
  158  13:05  Hydralisk  
  158  13:06  Hydralisk x4  
  158  13:07  Roach x17  
  158  13:10  Grooved Spines  
  162  13:14  Hydralisk, Queen  
  162  13:16  Hydralisk  
  162  13:22  Ravager x5  
  162  13:26  Roach x4  
  165  13:29  Hydralisk, Ravager  
  165  13:30  Hydralisk  
  170  13:39  Roach x6  
  182  13:49  Roach x5  
  186  13:57  Roach x3  
  186  13:58  Roach x3  
  186  13:59  Roach  
  186  14:02  Roach x3  
  192  14:08  Roach x3  
  186  14:11  Overlord  
  186  14:14  Roach  
  186  14:19  Roach x2  
  186  14:25  Roach x9  
  182  14:33  Drone x4  
  182  14:36  Infestation Pit  
  185  14:48  Roach  
  185  14:49  Roach x3  
  185  14:50  Roach x4  
  185  14:51  Roach x4  
  181  14:55  Roach  
  181  14:56  Roach x4  
  185  15:02  Roach x3  
Tags
 
Add a new tag
Caveats
  • Supply blocks, unpowered buildings, or Contaminate may cause inaccurate times.
  • Supply counts are checked every 10 seconds.